 Dungeon Crawl Stone Soup version 0.27-a0-287-gd4424db430 (webtiles) character file.

Game seed: 16027894298969461378

10272 kae the Grappler (level 11, -16/88 (92) HPs)
             Began as a White Draconian Transmuter on Feb 8, 2021.
             Was a Priest of Ru.
             Demolished by a minotaur
             ... wielding a +3 demon blade of electrocution
              (24 damage)
             ... in a Gauntlet.
             The game lasted 00:11:15 (15159 turns).

kae the Grappler (White Draconian Transmuter)      Turns: 15159, Time: 00:11:15

HP:   -16/88 (92)   AC: 10    Str: 15    XL:     11   Next: 34%
MP:   20/20         EV: 14    Int: 24    God:    Ru [***...]
Gold: 378           SH:  0    Dex: 11    Spells: 7/22 levels left

rFire    . . .     SeeInvis .     - Unarmed
rCold    + . .     Faith    .   (shield currently unavailable)
rNeg     . . .     Spirit   .   (armour unavailable)
rPois    .         Reflect  .   a - +0 hat {Int+3}
rElec    .         Harm     .   g - +2 cloak
rCorr    +         Rampage  .   (gloves currently unavailable)
Will     .....     NoTele   +   (no boots)
Stlth    +.........             z - amulet of regeneration
HPRegen  0.64/turn              c - +6 ring of intelligence
MPRegen  0.17/turn              r - ring of resist corrosion

@: exhausted, blade hands, lightly drained
A: breathe frost, unfitting armour, cold resistance 1, cold-blooded, inability
to use devices, no hexes magic, no poison magic, no translocations magic, AC +7
a: Breathe Frost, End Transformation, Renounce Religion, Draw Out Power


You were in a Gauntlet.
You worshipped Ru.
Ru was most pleased with you.
You had blades for hands.
You visited 1 branch of the dungeon, and saw 11 of its levels.
You also visited: Gauntlet.

You collected 651 gold pieces.
You spent 273 gold pieces at shops.

Inventory:

Armour
 a - a +0 hat of intelligence (worn)
 g - a +2 cloak (worn)
 i - a +0 pair of gloves (melded)
Jewellery
 c - a +6 ring of intelligence (left scythe-like blade)
 j - a +4 ring of protection {unknown}
 m - the ring of Toaffast {rF+ MP+9 Str+9 Int-3, unknown}
   (You found it in a Gauntlet)

   [ring of magical power]

   It affects your strength (+9).
   It affects your intelligence (-3).
   It protects you from fire.
   It affects your magic capacity (+9).
 r - a ring of resist corrosion (right scythe-like blade)
 z - an amulet of regeneration (around neck)
Scrolls
 d - 5 scrolls of teleportation
 f - 3 scrolls of fear
 n - 6 scrolls of identify
 p - 5 scrolls of remove curse
 q - 3 scrolls of magic mapping
 u - a scroll of amnesia
 y - a scroll of blinking
Potions
 b - a potion of flight
 e - 3 potions of ambrosia
 h - 2 potions of magic
 k - 3 potions of might
 l - a potion of curing
 o - 5 potions of mutation
 s - 2 potions of heal wounds
 t - 2 potions of lignification
 v - 3 potions of haste
 w - 2 potions of berserk rage
 B - a potion of attraction


   Skills:
 + Level 7.2 Fighting
 + Level 6.2 Dodging
 * Level 9.9 Unarmed Combat
 + Level 6.4 Spellcasting
 * Level 9.1 Transmutations
 - Level 5.0 Ice Magic


You had 7 spell levels left.
You knew the following spells:

 Your Spells              Type           Power        Failure   Level
a - Beastly Appendage     Tmut           100%         9%          1
b - Spider Form           Tmut/Pois      14%          28%         3
c - Ice Form              Ice/Tmut       41%          30%         4
d - Blade Hands           Tmut           25%          32%         5
e - Wereblood             Tmut           51%          10%         2

Your spell library contained the following spells:

 Spells                   Type           Power        Failure   Level


Dungeon Overview and Level Annotations

Branches:
Dungeon (13/15)            Temple (0/1) D:7            Lair (0/6) D:8
Gauntlet (1/1)
    Orc: D:9-12      Vaults: D:13-14

Altars:
Ashenzari
Dithmenos
Elyvilon
Gozag
Hepliaklqana
Nemelex Xobeh
Okawaru
Qazlal
Ru
Trog
Vehumet
Wu Jian
Xom
Yredelemnul
Zin
The Shining One

Shops:
D:6 ([!!   D:8 *   D:9 *

Annotations:
D:4 3 runed translucent doors, Stelteck's ghost, amateur DrTm Gauntlet 6 transporters, 2 runed translucent doors, exclusion: orange crystal statue


Innate Abilities, Weirdness & Mutations

You can breathe waves of freezing cold.
You can buffet flying creatures when you breathe cold.
Your icy white scales are hard. (AC +7)
You cannot fit into any form of body armour.
Your flesh is cold resistant. (rC+)
You are cold-blooded and may be slowed by cold attacks.
You cannot study or use magical devices.
You cannot study or cast Hexes magic.
You cannot study or cast Poison magic.
You cannot study or cast Translocations magic.


Message History

* * * LOW HITPOINT WARNING * * *
The minotaur gores you but does no damage.
Okay, then.
Okay, then.
You are restored by drawing out deep reserves of power within.
You feel drained.
The minotaur hits you with a +3 demon blade of electrocution!
* * * LOW HITPOINT WARNING * * *
The minotaur gores you.
* * * LOW HITPOINT WARNING * * *
You hit the minotaur.
The minotaur is heavily wounded.
You slash the minotaur!
The minotaur is heavily wounded.
The minotaur misses you. The minotaur gores you!
* * * LOW HITPOINT WARNING * * *
You slash the minotaur!
The minotaur is severely wounded.
The minotaur hits you with a +3 demon blade of electrocution!!
You die...

...#.≈##...#
##?#.≈≈#.8.######
≈#=#.≈##...##...#
≈#©#.###.8.##.#.# ***
≈#/#..##......#.# *,*
##.#...#.8.##.#.#***+##
..8#.∩.#...##...#*,.⌠.#
####...#.©.##.#.##∩...#**
.....8.#......#.@H...⌠+,*
####...#.©.##.#.##.⌠..#**
...#.∩.#...##...#**+###
#..#...#.8.##.#.# *,*
##.#..##......#.# ***
#.§#.###.8.##.#.#
...#.≈##...##...#
...#.≈≈#.8.######
...#.≈##...#


You could see a minotaur.

Vanquished Creatures
  Harold (D:7)
  Erica (D:10)
  A two-headed ogre (D:8)
  A shining eye (shapeshifter) (Gauntlet)
  An elephant (D:8)
  3 meliai (Gauntlet)
  2 trolls
  10 yaks
  A basilisk (D:8)
  Eustachio (D:4)
  2 wyverns
  Menkaure (D:4)
  A swamp worm (shapeshifter) (Gauntlet)
  2 sky beasts
  2 ice beasts
  4 black bears
  2 necrophages
  4 orc warriors
  An eye of draining (D:9)
  3 ogres
  A centaur (D:7)
  5 phantoms
  2 kobold brigands
  5 bullfrogs
  3 scorpions
  A hornet simulacrum (Gauntlet)
  6 killer bees (D:7)
  9 wights
  A howler monkey (D:9)
  2 centaur zombies
  2 quasits
  2 hounds
  A bullfrog zombie (D:10)
  A jelly (D:6)
  3 orc priests
  Terence (D:2)
  7 worker ants
  3 orc wizards
  A killer bee zombie (D:8)
  4 bullfrog simulacra (Gauntlet)
  A hound zombie (D:6)
  13 adders
  2 shadow imps
  3 white imps
  2 ufetubi (D:5)
  3 oozes
  A worm (D:2)
  5 dart slugs
  2 leopard geckos
  17 orcs
  10 bats
  2 giant cockroaches (D:1)
  5 goblins
  8 hobgoblins
  14 jackals
  5 quokkas
  7 frilled lizards
  A jackal skeleton (D:4)
  19 kobolds
  A leopard gecko zombie (D:7)
  A quokka skeleton (D:5)
  5 rats
231 creatures vanquished.

Vanquished Creatures (others)
  A wight (D:13)
  An orc (D:10)
  4 plants (D:5)
6 creatures vanquished.

Grand Total: 237 creatures vanquished

Notes
Turn   | Place    | Note
-------+----------+-------------------------------------------
     0 | D:1      | kae the Draconian Transmuter began the quest for the Orb.
     0 | D:1      | Reached XP level 1. HP: 16/16 MP: 3/3
   297 | D:1      | Reached XP level 2. HP: 18/23 MP: 3/5
   658 | D:1      | Reached XP level 3. HP: 28/28 MP: 4/6
  1129 | D:2      | Learned a level 3 spell: Spider Form
  1376 | D:2      | Found a shadowy altar of Dithmenos.
  1512 | D:2      | Reached XP level 4. HP: 36/36 MP: 7/7
  1554 | D:2      | Found a basalt altar of Yredelemnul.
  1559 | D:2      | Found an opulent altar of Gozag.
  1562 | D:2      | Found a glowing silver altar of Zin.
  2028 | D:2      | Noticed Terence
  2038 | D:2      | Killed Terence
  2039 | D:2      | Reached skill level 1 in Poison Magic
  2558 | D:2      | Reached XP level 5. HP: 37/41 MP: 6/8
  2825 | D:3      | Learned a level 4 spell: Ice Form
  3201 | D:3      | Reached skill level 1 in Ice Magic
  3448 | D:3      | Found a radiant altar of Vehumet.
  3535 | D:3      | Reached XP level 6. HP: 50/50 MP: 8/10
  3853 | D:4      | Noticed Menkaure
  3868 | D:4      | Killed Menkaure
  4023 | D:4      | Noticed Eustachio
  4035 | D:4      | Killed Eustachio
  4036 | D:4      | Your scales start taking on an icy white colour.
  4036 | D:4      | Reached XP level 7. HP: 56/56 MP: 7/11
  4036 | D:4      | Gained mutation: Your flesh is cold resistant. (rC+) [White
                  | Draconian growth]
  4212 | D:4      | Reached skill level 5 in Unarmed Combat
  4256 | D:4      | Found a stormy altar of Qazlal.
  4438 | D:4      | Found a glowing golden altar of the Shining One.
  4705 | D:4      | Found a runed translucent gate.
  4707 | D:4      | Found a runed translucent gate.
  4708 | D:4      | Found a runed translucent gate.
  4710 | D:4      | Noticed Stelteck's ghost (amateur DrTm)
  4830 | D:4      | Found a broken altar of Ashenzari.
  4983 | D:5      | Entered Level 5 of the Dungeon
  5143 | D:5      | Found a sacrificial altar of Ru.
  5165 | D:5      | Became a worshipper of Ru the Awakened
  5177 | D:5      | HP: 1/57 [ice beast (12)]
  5640 | D:5      | Found an ornate altar of the Wu Jian Council.
  5828 | D:5      | Reached XP level 8. HP: 63/63 MP: 13/13
  6147 | D:6      | Found Hibriuci's Armour Shop.
  6502 | D:6      | Found Viruukot's Antique Weapon Shoppe.
  6610 | D:6      | Found Seoca's Distillery.
  6613 | D:6      | Bought 2 potions of heal wounds for 130 gold pieces
  6613 | D:6      | Bought a potion of mutation for 104 gold pieces
  6638 | D:6      | Found Leemumut's Distillery.
  6643 | D:6      | Bought a potion of lignification for 39 gold pieces
  6716 | D:6      | You fall into a shaft and drop 3 floors!
  6931 | D:9      | Gained mutation: You cannot study or use magical devices.
                  | [Ru sacrifice]
  6931 | D:9      | Reached * piety under Ru
  6931 | D:9      | Reached ** piety under Ru
  6960 | D:9      | Reached skill level 5 in Ice Magic
  6983 | D:9      | Found Kuev Suwuur's Demolitions Depot.
  7284 | D:9      | Noticed a troll
  7296 | D:9      | Killed a troll
  7297 | D:9      | Reached skill level 5 in Transmutations
  7524 | D:9      | Reached XP level 9. HP: 53/72 MP: 11/15
  8403 | D:9      | Reached skill level 5 in Fighting
  9288 | D:8      | Noticed a two-headed ogre
  9299 | D:8      | Killed a two-headed ogre
  9497 | D:8      | Found Fuyjischa's Assorted Antiques.
  9553 | D:8      | Found a staircase to the Lair.
  9553 | D:8      | Noticed an elephant
  9668 | D:8      | Reached skill level 5 in Spellcasting
  9685 | D:8      | Reached skill level 5 in Dodging
  9744 | D:8      | Killed an elephant
  9745 | D:8      | Reached XP level 10. HP: 28/83 MP: 17/17
 10103 | D:8      | Gained mutation: You cannot study or cast Poison magic. [Ru
                  | sacrifice]
 10103 | D:8      | Gained mutation: You cannot study or cast Hexes magic. [Ru
                  | sacrifice]
 10103 | D:8      | Gained mutation: You cannot study or cast Translocations
                  | magic. [Ru sacrifice]
 10103 | D:8      | Reached *** piety under Ru
 10138 | D:8      | Found a shimmering altar of Xom.
 10139 | D:8      | Found a hazy altar of Hepliaklqana.
 10825 | D:7      | Found a faded altar of an unknown god.
 10825 | D:7      | Found a white marble altar of Elyvilon.
 10833 | D:7      | Found a sparkling altar of Nemelex Xobeh.
 10835 | D:7      | Found a bloodstained altar of Trog.
 10837 | D:7      | Found a faded altar of an unknown god.
 10883 | D:7      | Found a staircase to the Ecumenical Temple.
 10953 | D:7      | Noticed Harold
 10964 | D:7      | Killed Harold
 11222 | D:7      | Found an iron altar of Okawaru.
 12402 | D:6      | Found Deadodoe's Weapon Boutique.
 12610 | D:10     | Entered Level 10 of the Dungeon
 13318 | D:10     | Noticed Erica
 13331 | D:10     | Killed Erica
 13332 | D:10     | Reached XP level 11. HP: 39/91 MP: 17/20
 14042 | D:10     | You fall into a shaft and drop 3 floors!
 14042 | D:13     | Found a gate leading to a gauntlet.
 14127 | Gauntlet | Entered a Gauntlet
 14127 | Gauntlet | Found a transporter.
 14127 | Gauntlet | Found a transporter.
 14128 | Gauntlet | Noticed a death scarab
 14142 | Gauntlet | Found a transporter.
 14160 | Gauntlet | Noticed a glowing orange brain
 14160 | Gauntlet | a moth of wrath changed into a glowing orange brain
 14190 | Gauntlet | Noticed a shining eye
 14190 | Gauntlet | a glowing orange brain changed into a shining eye
 14194 | Gauntlet | a shining eye changed into a torpor snail
 14306 | Gauntlet | Found a transporter.
 14323 | Gauntlet | Found a transporter.
 14327 | Gauntlet | Noticed a swamp dragon
 14327 | Gauntlet | a dream sheep changed into a swamp dragon
 14332 | Gauntlet | Found a transporter.
 14335 | Gauntlet | Found a transporter.
 14339 | Gauntlet | Found a runed translucent door.
 14339 | Gauntlet | Found a runed translucent door.
 14343 | Gauntlet | Found a transporter.
 14352 | Gauntlet | Noticed an orange crystal statue
 14360 | Gauntlet | Found a transporter.
 14375 | Gauntlet | Found a transporter.
 14379 | Gauntlet | Found a transporter.
 14388 | Gauntlet | Found a transporter.
 14490 | Gauntlet | Noticed an ettin
 14491 | Gauntlet | Noticed an anaconda
 14510 | Gauntlet | Noticed an alligator
 14510 | Gauntlet | an ettin changed into an alligator
 14515 | Gauntlet | Noticed a spark wasp
 14515 | Gauntlet | an anaconda changed into a spark wasp
 14558 | Gauntlet | Noticed a five-headed hydra
 14558 | Gauntlet | an alligator changed into a five-headed hydra
 14559 | Gauntlet | Noticed a bunyip
 14559 | Gauntlet | a five-headed hydra changed into a bunyip
 14566 | Gauntlet | Noticed a satyr
 14566 | Gauntlet | a bunyip changed into a satyr
 14571 | Gauntlet | Noticed an anaconda
 14571 | Gauntlet | a satyr changed into an anaconda
 14603 | Gauntlet | Noticed an anaconda
 14603 | Gauntlet | a spark wasp changed into an anaconda
 14608 | Gauntlet | Noticed a shock serpent
 14608 | Gauntlet | an anaconda changed into a shock serpent
 14618 | Gauntlet | Learned a level 5 spell: Blade Hands
 14625 | Gauntlet | a shock serpent changed into an elephant
 14629 | Gauntlet | Noticed a shining eye
 14629 | Gauntlet | an anaconda changed into a shining eye
 14631 | Gauntlet | Killed a shining eye
 14978 | Gauntlet | Learned a level 2 spell: Wereblood
 15003 | Gauntlet | Got a brightly glowing glass ring
 15145 | Gauntlet | Identified the +6 ring mail of Tuadaoq {Rampage rF+}
 15145 | Gauntlet | Noticed a minotaur
 15159 | Gauntlet | Demolished by a minotaur

Illustrated notes

Levels and vault maps discovered:
D:1:      amcnicky_arrival_flooded_fountain, layout_loops_ring, st_stairs_3,
          corner_web_ring
D:2:      minmay_chambers_of_twos, layout_basic,
          gammafunk_temple_overflow_forgotten, lemuel_round_altar, uniq_terence
D:3:      layout_basic, general_overflow_altar
D:4:      layout_cave_pools, nicolae_qazlal_eye_of_the_storm,
          nicolae_tso_carved_into_rock, lemuel_coloured_pillars_altar,
          gammafunk_ghost_necromancy, uniq_menkaure, uniq_eustachio
D:5:      layout_loops_cross, nzn_wu_jian_council_hall,
          nicolae_ru_sacrificial_ziggurat, serial_bayou_lake_a
D:6:      layout_basic, serial_shops, kennysheep_mini_moat, shop,
          nicolae_shop_stone, shop, kennysheep_little_box
D:7:      layout_loops_corners, marbit_many_paths,
          chequers_temple_overflow_minitemple, minmay_temple_entry_grid,
          uniq_harold
D:8:      layout_gridville, regret_index_temple_of_mockery, david_lair_generic,
          serial_shops, shop
D:9:      layout_grid_maze, nicolae_blasting_shop
D:10:     layout_irregular_city, uniq_erica
D:13:     layout_irregular_city, gauntlet_entry_generic, kennysheep_kite_vault
Gauntlet: minmay_gauntlet_77_indecision [minmay_gauntlet_arena_77_braids,
          minmay_gauntlet_arena_77_box, minmay_gauntlet_arena_77_squiggly,
          minmay_gauntlet_arena_77_checkered,
          minmay_gauntlet_arena_77_double_cross,
          minmay_gauntlet_arena_77_shame_cube, gauntlet_exit_hidden_loot]

Skill      XL: |  1  2  3  4  5  6  7  8  9 10 11 |
---------------+----------------------------------+-----
Dodging        | 2 3 4 5 6 |  6.2
Fighting       | 2 3 4 5 6 7 |  7.2
Poison Magic   | 1 2 0 |  0.0
Unarmed Combat | 4 5 6 8 9 |  9.9
Ice Magic      | 1 2 4 5 |  5.0
Transmutations | 3 5 7 8 9 |  9.1
Spellcasting   | 3 4 5 6 |  6.4

Action                   |  1- 3 |  4- 6 |  7- 9 | 10-12 || total
-------------------------+-------+-------+-------+-------++-------
Melee: Unarmed           |   115 |   171 |   276 |   224 ||   786
       Kick              |    14 |    21 |     7 |       ||    42
       Headbutt          |    11 |    11 |     6 |       ||    28
       Tailslap          |     8 |    11 |     6 |     3 ||    28
       Punch             |     1 |       |     2 |       ||     3
 Cast: Beastly Appendage |    18 |    23 |     8 |       ||    49
       Spider Form       |       |     3 |    12 |       ||    15
       Ice Form          |       |     2 |    19 |    31 ||    52
       Blade Hands       |       |       |       |     3 ||     3
       Wereblood         |       |       |       |     1 ||     1
Invok: Sacrifice Artific |       |       |     1 |       ||     1
       Sacrifice Arcana  |       |       |       |     1 ||     1
       Reject Sacrifices |       |       |       |     1 ||     1
       Draw Out Power    |       |       |       |     1 ||     1
 Abil: Breathe Frost     |       |       |     3 |       ||     3
       End Transformatio |       |       |     1 |       ||     1
  Use: Scroll            |       |     8 |     9 |     8 ||    25
       Potion            |       |       |     1 |     2 ||     3
 Stab: Sleeping          |       |       |     1 |       ||     1
       Distracted        |       |       |     1 |       ||     1
       Invisible         |       |       |       |     3 ||     3
Armor: Skin              |    53 |    78 |    53 |    35 ||   219
Dodge: Dodged            |   100 |   140 |   172 |   107 ||   519

Table legend: (Time is in decaauts)
 A = Elapsed time spent in this place.
 B = Non-inter-level travel time spent in this place.
 C = Inter-level travel time spent in this place.
 D = Time resting spent in this place.
 E = Time spent auto-exploring this place.
 F = Levels seen in this place.
 G = Mean time per level.
                   A        B        C        D        E       F      G
               +--------+--------+--------+--------+--------+-----+--------+
         Total |  15112 |  14759 |    353 |   1312 |  11625 |  12 | 1259.3 |
       Dungeon |  14088 |  13735 |    353 |    825 |  11336 |  11 | 1280.7 |
      Gauntlet |   1024 |   1024 |      0 |    487 |    289 |   1 | 1024.0 |
               +--------+--------+--------+--------+--------+-----+--------+

Top non-repeatable levels by time:
     D:9: 2316 daAuts
     D:8: 1715 daAuts
     D:2: 1632 daAuts
     D:7: 1539 daAuts
    D:10: 1416 daAuts
     D:5: 1183 daAuts
     D:4: 1119 daAuts
     D:1: 1113 daAuts
     D:3: 1093 daAuts
Gauntlet: 1024 daAuts
     D:6: 877 daAuts
    D:13: 82 daAuts
